| TOP OF THE 1ST |
|
Miami Whales batting - Pitching for Pompano Beach Stingrays : RHP Steven Viskas
|
|
Pitching: RHP Steven Viskas
|
|
|
Batting: SHB Ramon Alcantara
|
0-0: Called Strike 0-1: Called Strike 0-2: Foul Ball, location: 2F 0-2: Foul Ball, location: 2F 0-2: Ball 1-2: DOUBLE (Flyball, 78D, EV 95.0 MPH)
|
|
Batting: RHB Donald Hubbard
|
0-0: Called Strike 0-1: Ball 1-1: Ball 2-1: DOUBLE (Flyball, 8RXD, EV 100.6 MPH) Ramon Alcantara scores
|
|
Batting: RHB Tom Grant
|
0-0: Ball Wild Pitch! Donald Hubbard to third 1-0: Ball 2-0: Fly out, F8 (Line Drive, 8RS, EV 89.4 MPH) Runner from 3rd tags up, SCORES, throw by CF
|
|
Batting: LHB Lorenzo Bundy
|
0-0: Called Strike 0-1: Ball 1-1: Foul Ball, location: 2F 1-2: Strikes out looking
|
|
Batting: RHB Rafael Ortega
|
0-0: Fly out, F7 (Line Drive, 7, EV 91.3 MPH)
|
| Top of the 1st over - 2 runs, 2 hits, 0 errors, 0 left on base; Miami 2 - Pompano Beach 0 |
| BOTTOM OF THE 1ST |
|
Pompano Beach Stingrays batting - Pitching for Miami Whales : RHP Jose Reyes
|
|
Pitching: RHP Jose Reyes
|
|
|
Batting: RHB Jorge Villalobos
|
0-0: Called Strike 0-1: Fly out, F8 (Flyball, 8RXD, EV 107.5 MPH)
|
|
Batting: SHB Gene Roof
|
0-0: Ball 1-0: Reached on error, E2 (Groundball, 2L, EV 62.5 MPH)
|
|
Batting: RHB Lance Junker
|
0-0: Foul Ball, location: 2F 0-1: Ball 1-1: Foul Ball, location: 2F 1-2: Strikes out swinging
|
|
Batting: RHB Mark Strucher
|
0-0: SINGLE (Groundball, 56S, EV 68.8 MPH) (infield hit) Gene Roof to second
|
|
Batting: SHB Juan Molina
|
0-0: Ball 1-0: Swinging Strike 1-1: Ball 2-1: Ball 3-1: Foul Ball, location: 2F 3-2: Foul Ball, location: 2F 3-2: Base on Balls Gene Roof to third Mark Strucher to second
|
|
Batting: LHB Steve Phillips
|
0-0: DOUBLE (Line Drive, 78D, EV 113.1 MPH) Gene Roof scores Mark Strucher scores Juan Molina to third
|
|
Batting: SHB Maury Ornest
|
0-0: Ball 1-0: Ball 2-0: Called Strike 2-1: Fly out, F5 (Line Drive, 5, EV 64.4 MPH)
|
| Bottom of the 1st over - 2 runs, 2 hits, 1 error, 2 left on base; Miami 2 - Pompano Beach 2 |
| TOP OF THE 2ND |
|
Miami Whales batting - Pitching for Pompano Beach Stingrays : RHP Steven Viskas
|
|
Batting: RHB Steve Benson
|
0-0: Called Strike 0-1: Ball 1-1: Ball 2-1: Ball 3-1: Swinging Strike 3-2: Fly out, F7 (Flyball, 7, EV 82.5 MPH)
|
|
Batting: RHB Ramon Cardenas
|
0-0: Ball 1-0: Ball 2-0: Ball 3-0: Base on Balls
|
|
Batting: SHB Philip Rossi
|
0-0: Ball 1-0: 2-RUN HOME RUN (Flyball, 9D, EV 95.0 MPH), Distance : 355 ft
|
|
Batting: RHB Patrick Rubino
|
0-0: Ball 1-0: Fly out, F9 (Flyball, 9, EV 80.6 MPH)
|
|
Batting: SHB Ramon Alcantara
|
0-0: Ball 1-0: Ball 2-0: Called Strike 2-1: Foul Ball, location: 2F 2-2: Fly out, F8 (Flyball, 8LD, EV 104.4 MPH)
|
| Top of the 2nd over - 2 runs, 1 hit, 0 errors, 0 left on base; Miami 4 - Pompano Beach 2 |
| BOTTOM OF THE 2ND |
|
Pompano Beach Stingrays batting - Pitching for Miami Whales : RHP Jose Reyes
|
|
Batting: RHB William Waag
|
0-0: Called Strike 0-1: Called Strike 0-2: Fly out, F7 (Flyball, 7, EV 93.8 MPH)
|
|
Batting: RHB Jimmy Thomas
|
0-0: Foul Ball, location: 2F 0-1: Ball 1-1: Ball 2-1: Ball 3-1: Base on Balls
|
|
Batting: RHB Jorge Villalobos
|
0-0: Ground out 6-3 (Groundball, 6M, EV 85.0 MPH) Jimmy Thomas to second
|
|
Batting: SHB Gene Roof
|
0-0: Ball 1-0: Foul Ball, location: 2F 1-1: SINGLE (Line Drive, 34, EV 105.6 MPH) Jimmy Thomas to third Runner from 3rd tries for Home, SAFE, throw by RF to home Gene Roof to second
|
|
Batting: RHB Lance Junker
|
0-0: Ball 1-0: Fly out, F8 (Flyball, 8RD, EV 103.8 MPH)
|
| Bottom of the 2nd over - 1 run, 1 hit, 0 errors, 1 left on base; Miami 4 - Pompano Beach 3 |
| TOP OF THE 3RD |
|
Miami Whales batting - Pitching for Pompano Beach Stingrays : RHP Steven Viskas
|
|
Batting: RHB Donald Hubbard
|
0-0: Called Strike 0-1: Fly out, F7 (Flyball, 7D, EV 94.4 MPH)
|
|
Batting: RHB Tom Grant
|
0-0: Ball 1-0: Ball 2-0: Ball 3-0: Base on Balls
|
|
Batting: LHB Lorenzo Bundy
|
0-0: Fielders Choice at 2nd, 4-6 (Groundball, 34, EV 80.0 MPH)
|
|
Batting: RHB Rafael Ortega
|
0-0: Ball 1-0: Foul Ball, location: 2F 1-1: Fly out, F8 (Line Drive, 8RM, EV 93.1 MPH)
|
| Top of the 3rd over - 0 runs, 0 hits, 0 errors, 1 left on base; Miami 4 - Pompano Beach 3 |
| BOTTOM OF THE 3RD |
|
Pompano Beach Stingrays batting - Pitching for Miami Whales : RHP Jose Reyes
|
|
Batting: RHB Mark Strucher
|
0-0: Ground out U3 (Groundball, 34, EV 91.3 MPH)
|
|
Batting: SHB Juan Molina
|
0-0: Ball 1-0: Ball 2-0: Ball 3-0: Base on Balls
|
|
Batting: LHB Steve Phillips
|
0-0: Ball 1-0: Grounds into double play, 4-6-3 (Groundball, 4, EV 85.0 MPH)
|
| Bottom of the 3rd over - 0 runs, 0 hits, 0 errors, 0 left on base; Miami 4 - Pompano Beach 3 |
| TOP OF THE 4TH |
|
Miami Whales batting - Pitching for Pompano Beach Stingrays : RHP Steven Viskas
|
|
Batting: RHB Steve Benson
|
0-0: Called Strike 0-1: Ground out 5-3 (Groundball, 56, EV 108.8 MPH)
|
|
Batting: RHB Ramon Cardenas
|
0-0: Called Strike 0-1: Ball 1-1: Ball 2-1: Ground out 1-3 (Groundball, P, EV 70.6 MPH)
|
|
Batting: SHB Philip Rossi
|
0-0: Called Strike 0-1: Ball 1-1: Ground out 6-3 (Groundball, P, EV 84.4 MPH)
|
| Top of the 4th over - 0 runs, 0 hits, 0 errors, 0 left on base; Miami 4 - Pompano Beach 3 |
| BOTTOM OF THE 4TH |
|
Pompano Beach Stingrays batting - Pitching for Miami Whales : RHP Jose Reyes
|
|
Batting: SHB Maury Ornest
|
0-0: Called Strike 0-1: Ball 1-1: Called Strike 1-2: Ball 2-2: Foul Ball, location: 2F 2-2: Foul Ball, location: 2F 2-2: Ball 3-2: Foul Ball, location: 2F 3-2: Base on Balls
|
|
Batting: RHB William Waag
|
0-0: Called Strike 0-1: Ball 1-1: Ball 2-1: Foul Ball, location: 2F 2-2: DOUBLE (Line Drive, 7LM, EV 96.9 MPH) Maury Ornest to third Runner from 3rd tries for Home, SAFE, throw by LF to home
|
|
Batting: RHB Jimmy Thomas
|
0-0: Ball 1-0: Called Strike William Waag steals 3rd base 1-1: Foul Ball, location: 2F 1-2: SINGLE (Groundball, 4MD, EV 100.6 MPH) William Waag scores
|
|
Batting: RHB Jorge Villalobos
|
0-0: Ball 1-0: Ball 2-0: Foul Ball, location: 2F 2-1: Foul Ball, location: 2F 2-2: Foul Ball, location: 2F 2-2: Ball 3-2: Base on Balls Jimmy Thomas to second
|
|
Batting: SHB Gene Roof
|
0-0: Ball 1-0: Fielders Choice at 2nd, 4-6 (Groundball, 4, EV 81.9 MPH) Jimmy Thomas to third
|
|
Batting: RHB Lance Junker
|
0-0: Ball 1-0: Called Strike 1-1: Ball 2-1: Ball 3-1: SINGLE (Line Drive, 4D, EV 109.4 MPH) Jimmy Thomas scores Gene Roof to second
|
|
Batting: RHB Mark Strucher
|
0-0: Grounds into double play, 6-4-3 (Groundball, 6, EV 106.9 MPH)
|
| Bottom of the 4th over - 3 runs, 3 hits, 0 errors, 1 left on base; Miami 4 - Pompano Beach 6 |
| TOP OF THE 5TH |
|
Miami Whales batting - Pitching for Pompano Beach Stingrays : RHP Steven Viskas
|
|
Batting: RHB Patrick Rubino
|
0-0: Ball 1-0: Foul Ball, location: 2F 1-1: Fly out, F3 (Popup, 3F, EV 74.4 MPH)
|
|
Batting: SHB Ramon Alcantara
|
0-0: Ball 1-0: Ball 2-0: Foul Ball, location: 2F 2-1: Called Strike 2-2: Fly out, F5 (Flyball, 5D, EV 94.4 MPH)
|
|
Batting: RHB Donald Hubbard
|
0-0: Called Strike 0-1: Ball 1-1: Called Strike 1-2: Foul Ball, location: 2F 1-2: Foul Ball, location: 2F 1-2: Fly out, F8 (Flyball, 8RM, EV 83.8 MPH)
|
| Top of the 5th over - 0 runs, 0 hits, 0 errors, 0 left on base; Miami 4 - Pompano Beach 6 |
| BOTTOM OF THE 5TH |
|
Pompano Beach Stingrays batting - Pitching for Miami Whales : RHP Jose Reyes
|
|
Batting: SHB Juan Molina
|
0-0: Ball 1-0: Ball 2-0: Called Strike 2-1: Ball 3-1: Swinging Strike 3-2: Foul Ball, location: 2F 3-2: Base on Balls
|
|
Batting: LHB Steve Phillips
|
0-0: Ball 1-0: Ball 2-0: Bunted foul 2-1: Bunt missed! 2-2: Strikes out swinging
|
|
Batting: SHB Maury Ornest
|
0-0: Called Strike 0-1: Ball 1-1: Ball 2-1: Fly out, F7 (Line Drive, 7, EV 96.3 MPH)
|
|
Batting: RHB William Waag
|
0-0: Foul Ball, location: 2F 0-1: Fly out, F9 (Flyball, 9, EV 95.0 MPH)
|
| Bottom of the 5th over - 0 runs, 0 hits, 0 errors, 1 left on base; Miami 4 - Pompano Beach 6 |
| TOP OF THE 6TH |
|
Miami Whales batting - Pitching for Pompano Beach Stingrays : RHP Steven Viskas
|
|
Batting: RHB Tom Grant
|
0-0: Ball 1-0: SOLO HOME RUN (Flyball, 7LD, EV 97.5 MPH), Distance : 348 ft
|
|
Batting: LHB Lorenzo Bundy
|
0-0: Ball 1-0: Ground out 4-3 (Groundball, 4, EV 90.6 MPH)
|
|
Batting: RHB Rafael Ortega
|
0-0: Fly out, F8 (Flyball, 8LS, EV 93.8 MPH)
|
|
Batting: RHB Steve Benson
|
0-0: Ground out 2-3 (Groundball, 13S, EV 69.4 MPH)
|
| Top of the 6th over - 1 run, 1 hit, 0 errors, 0 left on base; Miami 5 - Pompano Beach 6 |
| BOTTOM OF THE 6TH |
|
Pompano Beach Stingrays batting - Pitching for Miami Whales : RHP Jose Reyes
|
|
Batting: RHB Jimmy Thomas
|
0-0: Ball 1-0: Swinging Strike 1-1: Ball 2-1: Foul Ball, location: 2F 2-2: Fly out, F7 (Line Drive, 7D, EV 87.5 MPH)
|
|
Batting: RHB Jorge Villalobos
|
0-0: SINGLE (Line Drive, 89S, EV 101.9 MPH)
|
|
Batting: SHB Gene Roof
|
0-0: Ball 1-0: Ball 2-0: Called Strike 2-1: Ball 3-1: Base on Balls Jorge Villalobos to second
|
|
Batting: RHB Lance Junker
|
0-0: Foul Ball, location: 2F 0-1: Ball 1-1: Foul Ball, location: 2F 1-2: SINGLE (Groundball, 3D, EV 95.0 MPH) Jorge Villalobos to third Gene Roof to second Runner from 3rd tries for Home, SAFE, throw by RF to home
|
|
Pitching: RHP Michael Befort
|
|
|
Batting: RHB Mark Strucher
|
0-0: Called Strike Gene Roof steals 3rd base Lance Junker to second 0-1: Foul Ball, location: 2F 0-2: 3-RUN HOME RUN (Flyball, 7LD, EV 96.9 MPH), Distance : 359 ft
|
|
Batting: SHB Juan Molina
|
0-0: Swinging Strike 0-1: Ball 1-1: Called Strike 1-2: Foul Ball, location: 2F 1-2: Ball 2-2: Foul Ball, location: 2F 2-2: Foul Ball, location: 2F 2-2: Strikes out swinging
|
|
Batting: LHB Steve Phillips
|
0-0: Foul Ball, location: 2F 0-1: Fly out, F7 (Line Drive, 7, EV 96.9 MPH)
|
| Bottom of the 6th over - 4 runs, 3 hits, 0 errors, 0 left on base; Miami 5 - Pompano Beach 10 |
| TOP OF THE 7TH |
|
Miami Whales batting - Pitching for Pompano Beach Stingrays : RHP Steven Viskas
|
|
Batting: RHB Ramon Cardenas
|
0-0: Ball 1-0: Ground out 5-3 (Groundball, 56S, EV 90.0 MPH)
|
|
Batting: SHB Philip Rossi
|
0-0: Called Strike 0-1: Ball 1-1: Foul Ball, location: 2F 1-2: Ball 2-2: Foul Ball, location: 2F 2-2: Foul Ball, location: 2F 2-2: Ball 3-2: Reached on error, E3 (Groundball, 3, EV 85.0 MPH)
|
|
Batting: RHB Patrick Rubino
|
0-0: Ball 1-0: Called Strike 1-1: Ball 2-1: Called Strike 2-2: Foul Ball, location: 2F 2-2: DOUBLE (Line Drive, 5D, EV 100.6 MPH) Philip Rossi to third Runner from 3rd tries for Home, SAFE, no throw by LF
|
|
Batting: SHB Ramon Alcantara
|
0-0: Called Strike 0-1: Foul Ball, location: 2F 0-2: Ball 1-2: Ball 2-2: Fly out, F8 (Line Drive, 8LM, EV 98.1 MPH)
|
|
Batting: RHB Donald Hubbard
|
0-0: SINGLE (Groundball, 25, EV 68.8 MPH) (infield hit) Patrick Rubino to third
|
|
Batting: RHB Tom Grant
|
0-0: Called Strike 0-1: SINGLE (Groundball, 5S, EV 64.4 MPH) (infield hit) Patrick Rubino scores Donald Hubbard to second
|
|
Pitching: RHP Ricky Acevedo
|
|
|
Batting: LHB Lorenzo Bundy
|
0-0: Called Strike 0-1: Foul Ball, location: 2F 0-2: Foul Ball, location: 2F 0-2: Ball 1-2: Strikes out looking
|
| Top of the 7th over - 2 runs, 3 hits, 1 error, 2 left on base; Miami 7 - Pompano Beach 10 |
| BOTTOM OF THE 7TH |
|
Pompano Beach Stingrays batting - Pitching for Miami Whales : RHP Michael Befort
|
|
Batting: SHB Maury Ornest
|
0-0: Ball 1-0: Called Strike 1-1: Foul Ball, location: 2F 1-2: Ground out 4-3 (Groundball, 4, EV 87.5 MPH)
|
|
Batting: RHB William Waag
|
0-0: Foul Ball, location: 2F 0-1: Fly out, F9 (Flyball, 9LM, EV 105.6 MPH)
|
|
Batting: RHB Jimmy Thomas
|
0-0: Fly out, F9 (Flyball, 9LS, EV 86.9 MPH)
|
| Bottom of the 7th over - 0 runs, 0 hits, 0 errors, 0 left on base; Miami 7 - Pompano Beach 10 |
| TOP OF THE 8TH |
|
Miami Whales batting - Pitching for Pompano Beach Stingrays : RHP Ricky Acevedo
|
|
Batting: RHB Rafael Ortega
|
0-0: Ball 1-0: Called Strike 1-1: Foul Ball, location: 2F 1-2: Ground out 5-3 (Groundball, 5, EV 91.3 MPH)
|
|
Batting: RHB Steve Benson
|
0-0: Foul Ball, location: 2F 0-1: Called Strike 0-2: Ball 1-2: Strikes out looking
|
|
Batting: RHB Ramon Cardenas
|
0-0: Ball 1-0: Ball 2-0: Called Strike 2-1: Ball 3-1: Called Strike 3-2: Foul Ball, location: 2F 3-2: Strikes out looking
|
| Top of the 8th over - 0 runs, 0 hits, 0 errors, 0 left on base; Miami 7 - Pompano Beach 10 |
| BOTTOM OF THE 8TH |
|
Pompano Beach Stingrays batting - Pitching for Miami Whales : RHP Michael Befort
|
|
Batting: RHB Jorge Villalobos
|
0-0: Called Strike 0-1: Called Strike 0-2: Ball 1-2: Strikes out swinging
|
|
Batting: SHB Gene Roof
|
0-0: SINGLE (Line Drive, 89S, EV 92.5 MPH)
|
|
Batting: RHB Lance Junker
|
0-0: Called Strike 0-1: Ball 1-1: Called Strike 1-2: Foul Ball, location: 2F 1-2: SINGLE (Groundball, 6M, EV 102.5 MPH) (infield hit) Gene Roof to second
|
|
Batting: RHB Mark Strucher
|
0-0: Ball 1-0: Foul Ball, location: 2F 1-1: Ball 2-1: Ball 3-1: Ground out 5-3 (Groundball, 56, EV 90.6 MPH) Gene Roof to third Lance Junker to second
|
|
Pitching: LHP Wilfredo Flores
|
|
|
Batting: SHB Juan Molina
|
0-0: Called Strike 0-1: Ball 1-1: Fly out, F3 (Flyball, 3D, EV 85.0 MPH)
|
| Bottom of the 8th over - 0 runs, 2 hits, 0 errors, 2 left on base; Miami 7 - Pompano Beach 10 |
| TOP OF THE 9TH |
|
Miami Whales batting - Pitching for Pompano Beach Stingrays : RHP Ricky Acevedo
|
|
Batting: SHB Philip Rossi
|
0-0: Ball 1-0: Foul Ball, location: 2F 1-1: Ground out 4-3 (Groundball, 4, EV 93.8 MPH)
|
|
Batting: RHB Patrick Rubino
|
0-0: Foul Ball, location: 2F 0-1: Ball 1-1: Ball 2-1: Foul Ball, location: 2F 2-2: Fly out, F7 (Flyball, 78D, EV 98.8 MPH)
|
|
Batting: SHB Ramon Alcantara
|
0-0: Called Strike 0-1: Ball 1-1: Foul Ball, location: 2F 1-2: Ball 2-2: Ball 3-2: Foul Ball, location: 2F 3-2: Foul Ball, location: 2F 3-2: Fly out, F7 (Flyball, 78D, EV 85.0 MPH)
|
| Top of the 9th over - 0 runs, 0 hits, 0 errors, 0 left on base; Miami 7 - Pompano Beach 10 |
|